 Dungeon Crawl Stone Soup version 0.27-a0-660-g90476cec82 (webtiles) character file.

Game seed: 9293418339746844386

313 shoop the Chopper (level 6, -6/55 HPs)
             Began as a Palentonga Abyssal Knight on Mar 16, 2021.
             Was a Believer of Lugonu.
             Mangled by a gnoll
             ... wielding a +0 spear
              (10 damage)
             ... on level 4 of the Dungeon.
             The game lasted 00:09:47 (5578 turns).

shoop the Chopper (Palentonga Abyssal Knight)       Turns: 5578, Time: 00:09:48

Health: -6/55      AC:  4    Str: 17    XL:     6   Next: 19%
Magic:  8/8        EV:  9    Int: 12    God:    Lugonu [**....]
Gold:   146        SH:  0    Dex: 10    Spells: 5/5 levels left

rFire    . . .     SeeInvis +   a - +1 hand axe
rCold    . . .     Faith    .   (no shield)
rNeg     . . .     Spirit   .   b - +0 leather armour
rPois    .         Reflect  .   (no helmet)
rElec    .         Harm     .   (no cloak)
rCorr    .         Rampage  .   (no gloves)
Will     .....                  (no barding)
Stlth    +.........             o - amulet of magic regeneration
HPRegen  0.18/turn              (no ring)
MPRegen  0.36/turn              (no ring)

@: no status effects
A: large, rugged brown scales 3, see invisible, deformed body, roll 1, armoured
tail
a: Rolling Charge, Renounce Religion, Depart the Abyss, Bend Space


You were on level 4 of the Dungeon.
You worshipped Lugonu.
Lugonu was pleased with you.
You visited 1 branch of the dungeon, and saw 5 of its levels.
You visited the Abyss 1 time.

You collected 146 gold pieces.

Inventory:

Hand Weapons
 a - a +1 hand axe (weapon)
 n - a +2 short sword of electrocution
Armour
 b - a +0 leather armour (worn)
Jewellery
 o - an amulet of magic regeneration (around neck)
Wands
 j - a wand of acid (4)
Scrolls
 c - 2 scrolls of blinking {unknown}
 d - a scroll of magic mapping {unknown}
 e - 2 scrolls of enchant weapon {unknown}
 g - a scroll of enchant armour
 l - 2 scrolls of teleportation
Potions
 f - a potion of brilliance {unknown}
 h - a potion of degeneration
 k - 2 potions of resistance
 m - a potion of ambrosia
 p - a potion of cancellation


   Skills:
 + Level 4.1 Fighting
 * Level 4.5 Axes
 - Level 1.5 Armour
 - Level 0.7 Dodging
 + Level 3.5 Invocations
 + Level 1.9 Evocations


You had 5 spell levels left.
You didn't know any spells.
Your spell library was empty.

Dungeon Overview and Level Annotations

Branches:
Dungeon (5/15)
 Temple: D:4-7

Altars:
Gozag
Uskayaw
Vehumet

Annotations:
D:4 Sigmund


Innate Abilities, Weirdness & Mutations

You are completely covered in rugged brown scales. (AC +3, +7% HP)
You have supernaturally acute eyesight. (SInv)
Armour fits poorly on your strangely shaped body.
You can roll at nearby foes to attack.
You have a long armoured tail.


Message History

Aim: a gnoll, wielding a +0 club You roll forward with a clatter of scales!
You slash the gnoll!
The gnoll is almost dead.
You hear a shout! x2
The gnoll barely misses you.
You hit the gnoll.
You kill the gnoll!
Lugonu accepts your kill.
No target in view!
A gnoll is nearby!
There's nothing you can charge at!
The gnoll throws a stone.
The stone hits you.
Roll where?
Press: ? - help, Dir - move target, f - gnoll
Aim: a gnoll, wielding a +0 spear and quivering stones You roll forward with a clatter of scales!
You closely miss the gnoll.
You hear a shout!
The gnoll hits you with a +0 spear.
You hit the gnoll. You tail-slap the gnoll.
The gnoll is heavily wounded.
The gnoll hits you with a +0 spear.
You hit the gnoll but do no damage.
The gnoll is heavily wounded.
The gnoll hits you with a +0 spear.
You completely miss the gnoll.
The gnoll is heavily wounded.
The gnoll hits you with a +0 spear!
You closely miss the gnoll.
The gnoll is heavily wounded.
The gnoll hits you with a +0 spear! x2
* * * LOW HITPOINT WARNING * * *
You are too injured to fight recklessly!
You closely miss the gnoll.
The gnoll is heavily wounded.
The gnoll hits you with a +0 spear!
* * * LOW HITPOINT WARNING * * *
The gnoll hits you from afar with a +0 spear!
You die...

.# #.....##...# .#
#.....##...# .# .
#.....##...# ..
#......#...# ..g
##.....#...# ....
#.....#...# .....
#.....#...#
......######.#...#
......gg.@...#####
......########
##+##


You could see 2 gnolls.

Vanquished Creatures
  2 hounds (D:4)
  An orc priest (D:5)
  6 adders
  5 gnolls
  2 oozes
  6 worms
  6 leopard geckos
  7 orcs
  A giant cockroach (D:1)
  6 goblins
  10 hobgoblins
  8 jackals (D:4)
  A ball python (D:2)
  3 bats
  9 frilled lizards
  13 kobolds
  A quokka skeleton (D:4)
  4 rats
91 creatures vanquished.

Vanquished Creatures (others)
  5 plants
5 creatures vanquished.

Grand Total: 96 creatures vanquished

Notes
Turn   | Place    | Note
-------+----------+-------------------------------------------
     0 | Abyss:1  | shoop the Palentonga Abyssal Knight began the quest for the
                  | Orb.
     0 | Abyss:1  | Reached XP level 1. HP: 20/20 MP: 2/2
    45 | Abyss:1  | Noticed a small abomination
    84 | Abyss:1  | Noticed a purple very ugly thing
    89 | Abyss:1  | Noticed a small abomination
    97 | Abyss:1  | Noticed a small abomination
   111 | D:1      | Escaped the Abyss
   404 | D:1      | Reached XP level 2. HP: 27/27 MP: 3/3
   772 | D:1      | Reached * piety under Lugonu
  1433 | D:2      | Reached XP level 3. HP: 29/33 MP: 4/4
  1791 | D:2      | Found an opulent altar of Gozag.
  2068 | D:2      | Found a hide-covered altar of Uskayaw.
  2068 | D:2      | Found a radiant altar of Vehumet.
  2120 | D:2      | Reached XP level 4. HP: 27/40 MP: 6/6
  2504 | D:3      | Reached skill level 1 in Evocations
  3376 | D:3      | Reached XP level 5. HP: 29/49 MP: 7/7
  4161 | D:4      | Noticed Sigmund
  4770 | D:4      | Reached ** piety under Lugonu
  5169 | D:5      | Entered Level 5 of the Dungeon
  5172 | D:5      | Noticed a sky beast
  5175 | D:5      | Reached XP level 6. HP: 45/55 MP: 8/8
  5578 | D:4      | Mangled by a gnoll

Illustrated notes

Levels and vault maps discovered:
D:1:      kennysheep_arrival_seaside, layout_loops_ring, serial_bayou_pond_c
D:2:      layout_basic, overflow_temple_1_default,
          gammafunk_temple_overflow_elements, minivault_11
D:3:      layout_basic
D:4:      corexii_shack_village, layout_basic, uniq_sigmund
D:5:      layout_basic, minmay_temple_entry_arrows, biasface_ghost_orc_armoury,
          basic_altar, minmay_liquid_box, minmay_bent

Skill      XL: |  1  2  3  4  5 |
---------------+----------------+-----
Axes           | 3 4 |  4.5
Evocations     | 1 |  1.9
Invocations    | 3 |  3.5
Fighting       | 4 |  4.1
Armour         | |  1.5
Dodging        | |  0.7

Action                   |  1- 3 |  4- 6 || total
-------------------------+-------+-------++-------
Melee: Hand axe          |   103 |   183 ||   286
       Tailslap          |    11 |    15 ||    26
       Short sword       |       |     4 ||     4
Invok: Depart the Abyss  |     1 |       ||     1
 Abil: Rolling Charge    |     8 |    20 ||    28
Evoke: Wand              |       |     2 ||     2
  Use: Scroll            |       |     9 ||     9
       Potion            |       |     1 ||     1
Armor: Leather armour    |    36 |    39 ||    75
Dodge: Dodged            |    44 |    82 ||   126

Table legend: (Time is in decaauts)
 A = Elapsed time spent in this place.
 B = Non-inter-level travel time spent in this place.
 C = Inter-level travel time spent in this place.
 D = Time resting spent in this place.
 E = Time spent auto-exploring this place.
 F = Levels seen in this place.
 G = Mean time per level.
                   A        B        C        D        E       F      G
               +--------+--------+--------+--------+--------+-----+--------+
         Total |   5629 |   5391 |    238 |   1011 |   3423 |   6 |  938.2 |
       Dungeon |   5518 |   5280 |    238 |   1011 |   3380 |   5 | 1103.6 |
         Abyss |    111 |    111 |      0 |      0 |     43 |   1 |  111.0 |
               +--------+--------+--------+--------+--------+-----+--------+

Top non-repeatable levels by time:
     D:3: 1923 daAuts
     D:1: 1280 daAuts
     D:2: 1278 daAuts
     D:4: 1026 daAuts
 Abyss:1: 111 daAuts
     D:5: 9 daAuts
